AoeStats
← Tai Lung

Arabia

507529282Analyzed
1v1 RM · 13d ago on Sep 18, 2026· 32m 49s· 2 players
Game mode
Random Map
Map size
Tiny (2 player)
Population
200
Speed
Normal
Resources
Standard
Victory
Conquest
Starting age
Dark Age
Ending age
Imperial Age
RankedLock teamsTeams togetherTeam positionsShared explorationLock speedFull tech treeHidden civsTurbo modeCheats
Victory
Defeat
🇺🇸 Cumans · United States
1657
+11
🇦🇷 Muisca · Argentina
1533
-11
Tai Lung
6:41 Loom
9:02 Feudal Age
9:41 Double-Bit Axe
20:09 Castle Age
18:06 Fletching
19:45 Padded Archer Armor
19:27 Horse Collar
19:38 Gold Mining
20:52 Bodkin Arrow
20:39 Crossbowman
26:30 Champi Runner
27:23 Champi Warrior
28:04 Scale Mail Armor
28:50 Squires
30:11 Wheelbarrow
Nights
8:56 Feudal Age
7:14 Loom
9:23 Double-Bit Axe
12:58 Horse Collar
16:29 Fletching
19:23 Padded Archer Armor
23:33 Castle Age
22:58 Wheelbarrow
23:13 Bloodlines
24:17 Scale Barding Armor
23:34 Elite Skirmisher
24:13 Bodkin Arrow
24:56 Scale Barding Armor
27:25 Chain Barding Armor
29:00 Ballistics
30:01 Bow Saw
30:16 Gold Mining
30:57 Forging
32:53 Heavy Plow
Connection lost

Rejoining the realm…

Still unreachable

The connection could not be restored.

Session expired

The server has moved on; the page needs a fresh start.